 Dungeon Sprint DCSS version 0.16.1-11-g651b585 (webtiles) character file.

768 karlm the Cleaver (level 7, -3/109 HPs)
             Began as a Minotaur Berserker on Apr 5, 2015.
             Was a Priest of Trog.
             Slain by a demonic crawler (8 damage)
             ... in the Dungeon (Sprint I: "Red Sonja").
             The game lasted 00:01:29 (801 turns).

karlm the Cleaver (Minotaur Berserker)               Turns: 801, Time: 00:01:29

Health: -3/109     AC:  4    Str: 26    XL:     7   Next: 52%
Magic:  3/3        EV: 16    Int:  4    God:    Trog [***...]
Gold:   405        SH:  0    Dex: 12    Spells: 0 memorised, 6 levels left

rFire  . . .     SeeInvis .     a - +0 hand axe
rCold  . . .     Clarity  .     b - +0 animal skin
rNeg   . . .     SustAb   .     (no shield)
rPois  .         Gourm    .     (helmet restricted)
rElec  .         Spirit   .     (no cloak)
rCorr  .         Warding  .     l - +0 pair of gloves
rMut   .         NoTele   +     (no boots)
MR     .....                    (no amulet)
Stlth  ..........               (no ring)
                                (no ring)

@: berserking (expiring), very quick, not resistant to hostile enchantments,
extremely unstealthy
A: retaliatory headbutt, horns 2
a: Burn Spellbooks, Berserk, Trog's Hand, Renounce Religion


You were in the Dungeon.
You worshipped Trog.
Trog was most pleased with you.
You were not hungry.

You visited 1 branch You collected 405 gold pieces.

Inventory:

Hand weapons
 a - a +0 hand axe (weapon)
Armour
 b - a +0 animal skin (worn)
 l - a +0 pair of gloves (worn)
Scrolls
 i - a scroll of blinking
 j - a scroll of amnesia {unknown}
Potions
 d - a potion of curing
 e - a potion of heal wounds
 f - a potion of haste
 g - 2 potions of magic
 h - a potion of berserk rage


   Skills:
 + Level 10.5 Fighting
 + Level 10.5 Axes
 + Level 10.2 Armour
 + Level 9.4 Dodging


You had 6 spell levels left.
You didn't know any spells.

Dungeon Overview and Level Annotations

Branches:
Dungeon (1/1)

Altars:
Cheibriados
Dithmenos
Elyvilon
Fedhas
Gozag
Kikubaaqudgha
Makhleb
Nemelex Xobeh
Okawaru
Qazlal
Ru
Sif Muna
Trog
Vehumet
Xom
Yredelemnul
Zin
The Shining One
Jiyva

Shops:
D :


Innate Abilities, Weirdness & Mutations

You reflexively headbutt those who attack you in melee.
You have a pair of horns on your head.


Message History

The demonic crawler hits you.
* * * LOW HITPOINT WARNING * * *
The demonic crawler hits you but does no damage.
The demonic crawler hits you.
* * * LOW HITPOINT WARNING * * *
The demonic crawler hits you.
* * * LOW HITPOINT WARNING * * *
You hit the demonic crawler but do no damage.
The demonic crawler is moderately wounded.
You hit the demonic crawler.
The demonic crawler is moderately wounded.
The demonic crawler hits you!
* * * LOW HITPOINT WARNING * * *
The demonic crawler closely misses you. The demonic crawler misses you.
You hit the demonic crawler.
The demonic crawler is moderately wounded.
You hit the demonic crawler but do no damage.
The demonic crawler is moderately wounded.
The demonic crawler hits you!
You die...

#####################
.)..#..'..#__#..@sGs#
.#..').#..'^.'..#sK.#
###'#####'#__####s.§'..#
##..#...#)#### ####..+
_####..##.# ##
..__##'#..+ .∩...'..._#
..._##_.#'# ____###+#.#


You could see 4 demonic crawlers, a kobold demonologist and a giant eyeball.

Vanquished Creatures
  A kobold demonologist (D)
  A slime creature (D)
  A yak (D)
  An ogre (D)
  Sigmund (D)
  A quasit (D)
  A jelly (D)
  Ijyb (D)
  A white imp (D)
9 creatures vanquished.

Notes
Turn   | Place    | Note
--------------------------------------------------------------
     0 | D        | karlm, the Minotaur Berserker, began the quest for the Orb.
     0 | D        | Reached XP level 1. HP: 19/19 MP: 1/1
     1 | D        | Noticed Ijyb
    16 | D        | Killed Ijyb
    16 | D        | Reached skill level 4 in Fighting
    16 | D        | Reached XP level 2. HP: 2/28 MP: 1/1
   295 | D        | Noticed an ogre
   297 | D        | Killed an ogre
   297 | D        | Reached skill level 6 in Fighting
   297 | D        | Reached skill level 5 in Armour
   297 | D        | Reached skill level 5 in Dodging
   297 | D        | Reached XP level 3. HP: 38/38 MP: 2/2
   297 | D        | Reached XP level 4. HP: 45/45 MP: 2/2
   311 | D        | Noticed Sigmund
   318 | D        | HP: 2/45 [Sigmund/magic dart (8)]
   319 | D        | Killed Sigmund
   319 | D        | Acquired Trog's second power
   319 | D        | Reached skill level 7 in Fighting
   319 | D        | Reached XP level 5. HP: 2/52 MP: 2/2
   618 | D        | Found a deep blue altar of Sif Muna.
   619 | D        | Noticed a jelly
   620 | D        | Found a radiant altar of Vehumet.
   622 | D        | Killed a jelly
   644 | D        | Found Oraaved's Book Emporium.
   644 | D        | Found a white marble altar of Elyvilon.
   644 | D        | Found a stormy altar of Qazlal.
   644 | D        | Found a burning altar of Makhleb.
   644 | D        | Found a sacrificial altar of Ru.
   644 | D        | Found a basalt altar of Yredelemnul.
   644 | D        | Found a glowing golden altar of the Shining One.
   644 | D        | Found a sparkling altar of Nemelex Xobeh.
   644 | D        | Found a shimmering altar of Xom.
   644 | D        | Found an opulent altar of Gozag.
   644 | D        | Found an ancient bone altar of Kikubaaqudgha.
   644 | D        | Found a glowing silver altar of Zin.
   644 | D        | Noticed a yak
   648 | D        | Killed a yak
   648 | D        | Reached skill level 9 in Fighting
   648 | D        | Reached XP level 6. HP: 63/63 MP: 3/3
   649 | D        | Found an iron altar of Okawaru.
   652 | D        | Found a bloodstained altar of Trog.
   719 | D        | Found a snail-covered altar of Cheibriados.
   719 | D        | Found a viscous altar of Jiyva.
   719 | D        | Found a shadowy altar of Dithmenos.
   719 | D        | Found a blossoming altar of Fedhas.
   719 | D        | Noticed a slime creature
   726 | D        | Killed a slime creature
   726 | D        | Reached XP level 7. HP: 71/71 MP: 3/3
   781 | D        | Noticed a kobold demonologist
   782 | D        | Noticed a kobold demonologist
   786 | D        | Noticed a demonic crawler
   786 | D        | Noticed a demonic crawler
   786 | D        | Noticed a demonic crawler
   786 | D        | Noticed a demonic crawler
   789 | D        | Paralysed by a giant eyeball for 4 turns
   798 | D        | Killed a kobold demonologist
   798 | D        | Reached skill level 10 in Fighting
   798 | D        | Reached skill level 10 in Axes
   798 | D        | Reached skill level 10 in Armour
   800 | D        | HP: 5/109 [demonic crawler (7)]
   801 | D        | Slain by a demonic crawler

Action                   |  1- 3 |  4- 6 |  7- 9 || total
-------------------------+-------+-------+-------++-------
Melee: Hand axe          |    15 |    17 |    13 ||    45
Invok: Berserk           |     1 |     2 |     1 ||     4
  Eat: Chunk             |       |     1 |     1 ||     2
       Bread ration      |       |       |     1 ||     1
